 Dungeon Crawl Stone Soup version 0.23.1 (webtiles) character file.

Game seed: 10033908181838764462

2046 Kairos the Covert (level 9, 0/46 HPs)
             Began as a Vine Stalker Assassin on Mar 17, 2019.
             Was a Believer of Uskayaw.
             Succumbed to a killer bee's poison
             ... on level 7 of the Dungeon.
             The game lasted 00:11:12 (5756 turns).

Kairos the Covert (Vine Stalker Assassin)           Turns: 5756, Time: 00:11:13

Health: 0/46       AC:  8    Str: 15    XL:     9   Next: 24%
Magic:  0/10       EV: 14    Int: 11    God:    Uskayaw [**....]
Gold:   445        SH:  0    Dex: 23    Spells: 8/8 levels left

rFire    + . .     SeeInvis .   a - +2 dagger
rCold    + . .     Gourm    .   (no shield)
rNeg     . . .     Faith    .   C - +0 ring mail (curse)
rPois    +         Spirit   +   (no helmet)
rElec    +         Reflect  .   d - +0 cloak
rCorr    +         Harm     .   F - +0 pair of gloves
MR       +....                  (no boots)
Stlth    ++++......             (no amulet)
HPRegen  0.55/turn              m - +5 ring of dexterity
MPRegen  0.12/turn              (no ring)

@: lethally poisoned (0 -> -7), resistant
A: fangs 3, regeneration 1, magic shield, antimagic bite, no potion heal 3, rot
immunity
a: Stomp, Line Pass, Renounce Religion


You were on level 7 of the Dungeon.
You worshipped Uskayaw.
Uskayaw was noncommittal.
You were not hungry.

You visited 2 branches of the dungeon, and saw 8 of its levels.

You collected 445 gold pieces.

Inventory:

Hand Weapons
 a - a +2 dagger (weapon)
 b - a +0 blowgun
 i - a +0 dagger of holy wrath
 o - a +0 short sword of holy wrath
Missiles
 e - 20 poisoned needles
 f - 2 curare-tipped needles
 n - 2 throwing nets (quivered)
Armour
 c - a +0 robe
 d - a +0 cloak (worn)
 x - a +0 ring mail
 C - a cursed +0 ring mail (worn)
 F - a +0 pair of gloves (worn)
Jewellery
 m - a +5 ring of dexterity (left hand)
Wands
 p - a wand of digging (6)
 q - a wand of disintegration (11)
Scrolls
 j - a scroll of magic mapping
 r - 2 scrolls of noise
 s - 2 scrolls of immolation
 t - 3 scrolls of enchant weapon
 u - a scroll of blinking {unknown}
 v - 3 scrolls of enchant armour {unknown}
 w - 2 scrolls of fear {unknown}
 y - 3 scrolls of remove curse {unknown}
 z - 4 scrolls of teleportation
 A - 3 scrolls of amnesia {unknown}
 D - a scroll of random uselessness {unknown}
 G - 2 scrolls of identify
 H - a scroll of vulnerability {unknown}
Potions
 h - a potion of invisibility
 k - 2 potions of resistance
 l - 2 potions of heal wounds
 B - a potion of cancellation {unknown}
Comestibles
 g - 11 rations


   Skills:
 + Level 4.4 Fighting
 + Level 5.6 Short Blades
 + Level 1.7 Throwing
 + Level 4.5 Armour
 + Level 4.1 Dodging
 + Level 8.3 Stealth


You had 8 spell levels left.
You didn't know any spells.
Your spell library was empty.

Dungeon Overview and Level Annotations

Branches:
Dungeon (7/15)             Temple (1/1) D:7

Altars:
Cheibriados
Dithmenos
Elyvilon
Fedhas
Kikubaaqudgha
Makhleb
Nemelex Xobeh
Okawaru
Qazlal
Trog
Uskayaw
Vehumet
Zin
Lugonu

Annotations:
D:7 Menkaure


Innate Abilities, Weirdness & Mutations

You have razor-sharp teeth.
Your natural rate of healing is unusually fast.
When hurt, damage is shared between your health and your magic reserves.
Your bite disrupts and absorbs the magic of your enemies.
Potions cannot restore your health.
You are immune to rotting.


Message History

The killer bee barely misses you. The killer bee stings you.
* * * LOW HITPOINT WARNING * * *
You are lethally poisoned!
The killer bee poisons you! The killer bee closely misses you.
The killer bee stings you.
* * * LOW HITPOINT WARNING * * *
It was a potion of resistance.
You feel protected.
* * * LOW HITPOINT WARNING * * *
You feel sick. The killer bee barely misses you.
The killer bee closely misses you. The killer bee stings you.
The killer bee closely misses you. The killer bee stings you.
* * * LOW HITPOINT WARNING * * *
The killer bee stings you but does no damage.
Your surroundings suddenly seem different.
* * * LOW HITPOINT WARNING * * *
You feel sick.
* * * LOW HITPOINT WARNING * * *
You feel sick.
You die...

..##########
...........#####
#@.#...... ##...#
#..#...#
##..#...#..#
##..#...#...#..
###.#.y.#...#...#
.....#...#.. #..
#..#...#...#. #
#....#...#...#.


There were no monsters in sight!

Vanquished Creatures
  Pikel (D:5)
  Sigmund (D:4)
  Duvessa (D:4)
  2 slaves (D:5)
  An ogre (D:6)
  5 bullfrogs
  Dowan (D:4)
  A killer bee (D:7)
  A crimson imp (D:5)
  A bullfrog zombie (D:5)
  A bullfrog skeleton (D:4)
  2 hounds
  5 orc priests
  2 orc wizards
  Natasha (thrice) (D:3)
  6 worker ants
  A hound skeleton (D:6)
  11 adders
  2 shadow imps
  2 oozes
  An adder skeleton (D:4)
  2 worms
  5 dart slugs
  3 leopard geckos
  17 orcs
  5 giant cockroaches
  4 goblins
  5 hobgoblins
  11 jackals
  8 kobolds
  3 quokkas
  3 ball pythons
  7 bats
  4 frilled lizards
  A quokka skeleton (D:6)
  8 rats
137 creatures vanquished.

Vanquished Creatures (others)
  An orc (D:6)
1 creature vanquished.

Grand Total: 138 creatures vanquished

Notes
Turn   | Place    | Note
-------+----------+-------------------------------------------
     0 | D:1      | Kairos the Vine Stalker Assassin began the quest for the
                  | Orb.
     0 | D:1      | Reached XP level 1. HP: 11/11 MP: 2/2
    11 | D:1      | Reached skill level 5 in Stealth
   500 | D:1      | Reached XP level 2. HP: 15/15 MP: 3/3
   775 | D:1      | Reached skill level 1 in Dodging
   879 | D:2      | Reached XP level 3. HP: 18/18 MP: 4/4
  1217 | D:2      | Reached skill level 6 in Stealth
  1263 | D:2      | Gained mutation: Your natural rate of healing is unusually
                  | fast. [Vine Stalker growth]
  1263 | D:2      | Reached XP level 4. HP: 23/23 MP: 5/5
  1660 | D:3      | Noticed Natasha
  1668 | D:3      | Killed Natasha
  1670 | D:3      | Reached XP level 5. HP: 18/26 MP: 6/6
  1849 | D:3      | Found a stormy altar of Qazlal.
  2748 | D:3      | Reached XP level 6. HP: 19/31 MP: 7/7
  2811 | D:3      | Noticed Natasha
  2829 | D:3      | Reached skill level 1 in Armour
  2849 | D:3      | Killed Natasha
  2933 | D:3      | Noticed Natasha
  2999 | D:3      | Killed Natasha
  3065 | D:3      | Found a blossoming altar of Fedhas.
  3066 | D:3      | Found an ancient bone altar of Kikubaaqudgha.
  3658 | D:4      | Noticed Sigmund
  3665 | D:4      | Killed Sigmund
  3665 | D:4      | Reached skill level 7 in Stealth
  3665 | D:4      | Reached XP level 7. HP: 35/35 MP: 8/8
  3828 | D:4      | Found a radiant altar of Vehumet.
  4032 | D:4      | Noticed Duvessa
  4036 | D:4      | Noticed Dowan
  4059 | D:4      | Killed Duvessa
  4074 | D:4      | Killed Dowan
  4074 | D:4      | Gained mutation: You have razor-sharp teeth. [Vine Stalker
                  | growth]
  4074 | D:4      | Reached XP level 8. HP: 12/40 MP: 5/9
  4166 | D:5      | Entered Level 5 of the Dungeon
  4476 | D:5      | Found a glowing silver altar of Zin.
  4989 | D:6      | Found a snail-covered altar of Cheibriados.
  5107 | D:6      | Reached skill level 5 in Short Blades
  5218 | D:6      | Noticed Pikel
  5300 | D:5      | Killed Pikel
  5300 | D:5      | Reached skill level 8 in Stealth
  5300 | D:5      | Reached XP level 9. HP: 11/45 MP: 5/10
  5599 | D:7      | Found a staircase to the Ecumenical Temple.
  5649 | D:7      | Found a sparkling altar of Nemelex Xobeh.
  5675 | Temple   | Entered the Ecumenical Temple
  5688 | Temple   | Became a worshipper of Uskayaw the Reveler
  5730 | D:7      | Reached * piety under Uskayaw
  5731 | D:7      | Noticed Menkaure
  5747 | D:7      | Reached ** piety under Uskayaw
  5754 | D:7      | HP: 2/46 [poisoned by a killer bee]
  5756 | D:7      | Succumbed to a killer bee's poison

Skill      XL: |  1  2  3  4  5  6  7  8  9 |
---------------+----------------------------+-----
Stealth        | 5 6 7 8 |  8.3
Dodging        | 1 2 3 4 |  4.1
Short Blades   | 2 3 4 5 |  5.6
Fighting       | 2 3 4 |  4.4
Armour         | 2 3 4 |  4.5
Throwing       | |  1.7

Action                   |  1- 3 |  4- 6 |  7- 9 || total
-------------------------+-------+-------+-------++-------
Melee: Dagger            |    79 |   235 |   287 ||   601
       Bite              |    22 |    71 |   117 ||   210
  Use: Potion            |       |     3 |     3 ||     6
       Scroll            |       |     1 |     5 ||     6
 Stab: Sleeping          |     9 |     7 |     9 ||    25
  Eat: Chunk             |     1 |     3 |     8 ||    12
       Ration            |       |     1 |       ||     1
Armor: Robe              |    22 |       |       ||    22
       Ring mail         |     1 |    92 |    73 ||   166
       Skin              |       |    26 |       ||    26
Dodge: Dodged            |    51 |   146 |   172 ||   369
